Map: Abyssal Reef LED

Players

mickie - Winner!

  • Race: Protoss Protoss
  • Spawn Location: 11:00

Player 2

  • Race: Terran Terran
  • Spawn Location: 5:00

VOD

Have the link to the VOD?

Description

Time

  • Played on: Dec. 24, 2025, 10:07 a.m.
  • Length: 32:55
Show
View Real Time Build Order
Export as new Build Order

mickie Protoss - Winner!

Build Orders: 1 Gate Expand, Carriers 

Get SALT Encoding   

  12  0:01  Probe  
  13  0:13  Probe  
  14  0:18  Pylon  
  14  0:24  Probe  
  15  0:33  Probe  
  15  0:39  Gateway  
  15  0:41  Probe  
  16  0:48  Assimilator  
  17  0:51  Probe  
  18  1:03  Probe  
  19  1:15  Probe  
  20  1:27  Nexus  
  20  1:34  Zealot  
  22  1:44  Cybernetics Core  
  22  1:52  Pylon  
  22  1:56  Assimilator  
  22  1:59  Probe  
  23  2:12  Probe  
  23  2:15  Forge  
  24  2:21  Sentry  
  26  2:24  Probe  
  26  2:29  Shield Battery  
  27  2:36  Probe  
  28  2:37  Assimilator  
  28  2:42  Probe  
  28  2:44  Sentry  
  31  2:50  Shield Battery  
  31  2:53  Probe  
  31  2:56  Probe  
  33  3:16  Photon Cannon  
  31  3:25  Shield Battery  
  31  3:27  Pylon  
  31  3:39  Probe x2  
  33  3:47  Probe  
  33  3:51  Probe  
  33  3:55  Probe, Assimilator  
  36  4:03  Probe, Photon Cannon  
  36  4:04  Probe  
  38  4:12  Probe  
  38  4:14  Photon Cannon  
  38  4:15  Probe  
  40  4:20  Probe  
  40  4:24  Pylon  
  40  4:28  Probe  
  40  4:30  Probe  
  42  4:36  Cybernetics Core  
  42  4:38  Probe  
  43  4:40  Probe  
  43  4:44  Stargate  
  45  4:46  Probe  
  47  4:52  Probe  
  47  4:55  Photon Cannon  
  47  4:58  Probe  
  48  5:00  Shield Battery  
  48  5:04  Probe  
  48  5:06  Photon Cannon  
  49  5:09  Shield Battery  
  49  5:13  Shield Battery  
  49  5:16  Shield Battery  
  49  5:24  Pylon  
  49  5:30  Fleet Beacon  
  49  5:37  Pylon  
  49  5:44  Stargate  
  49  5:52  Pylon  
  49  5:59  Pylon  
  49  6:07  Stargate  
  49  6:08  Protoss Shields Level 1  
  49  6:09  Mothership  
  49  6:13  Pylon  
  49  6:18  Robotics Facility  
  49  6:24  Protoss Air Armor Level 1, Protoss Air Weapons Level 1  
  57  6:35  Carrier  
  63  6:43  Pylon  
  63  6:46  Tempest  
  67  6:54  Tempest  
  71  7:03  Pylon  
  71  7:05  Pylon, Observer  
  72  7:29  Tempest  
  76  7:37  Tempest  
  76  7:41  Stargate  
  76  7:42  Tempest  
  84  8:12  Tempest  
  88  8:36  Tempest  
  88  8:37  Protoss Air Armor Level 2  
  88  8:38  Protoss Air Weapons Level 2  
  92  8:52  Tempest  
  96  9:08  Tempest  
  100  9:32  Carrier  
  106  9:45  Twilight Council  
  106  10:04  Carrier  
  112  10:21  Protoss Shields Level 2  
  112  10:45  Carrier  
  114  11:20  Nexus, Pylon  
  114  11:22  Pylon x2  
  114  11:26  Assimilator  
  114  11:27  Pylon  
  114  11:31  Assimilator  
  114  11:46  Photon Cannon  
  114  11:47  Photon Cannon  
  114  11:49  Photon Cannon  
  114  11:51  Photon Cannon  
  114  12:01  Templar Archives  
  114  12:13  Protoss Air Armor Level 3, Protoss Air Weapons Level 3  
  114  12:19  Carrier  
  120  12:45  Unknown  
  120  12:49  Protoss Shields Level 3  
  126  13:05  Carrier  
  130  14:30  Unknown  
  130  14:43  Carrier  
  130  14:44  Carrier  
  146  14:59  Unknown  
  146  15:15  Pylon  
  146  15:16  Nexus, Carrier, Assimilator  
  146  15:18  Pylon  
  146  15:19  Pylon  
  146  15:21  Unknown  
  152  15:22  Assimilator  
  152  15:37  Photon Cannon  
  152  15:38  Photon Cannon  
  152  15:40  Photon Cannon  
  152  15:49  Unknown  
  152  15:55  Stargate  
  152  15:58  Stargate  
  152  15:59  Stargate  
  152  16:30  Carrier x3  
  170  16:57  Carrier  
  188  17:37  Carrier x2  
  188  17:49  Carrier  
  194  18:21  Forge  
  194  18:25  Protoss Ground Armor Level 1  
  194  18:29  Charge  
  194  18:37  Dark Shrine  
  194  18:39  Robotics Bay  
  194  18:46  Pylon  
  194  18:55  Protoss Ground Weapons Level 1  
  194  19:26  Gravitic Boosters  
  194  19:30  Unknown  
  194  19:39  Anion Pulse-Crystals  
  194  20:09  Warp Gate  
  194  20:16  Blink  
  194  20:27  Gravitic Drive  
  194  20:34  Protoss Ground Armor Level 2  
  194  20:43  Flux Vanes  
  194  20:48  Unknown  
  194  21:00  Nexus  
  194  21:01  Pylon  
  194  21:02  Unknown  
  194  21:04  Pylon  
  194  21:06  Pylon  
  194  21:07  Assimilator  
  194  21:10  Assimilator  
  194  21:14  Protoss Ground Weapons Level 2  
  194  21:26  Photon Cannon  
  194  21:28  Shield Battery  
  194  21:30  Photon Cannon  
  194  21:32  Shield Battery  
  194  21:33  Unknown  
  194  21:34  Photon Cannon  
  194  21:50  Unknown  
  194  22:03  Psionic Storm  
  194  22:09  Unknown  
  194  22:35  Unknown  
  194  22:37  Resonating Glaives  
  194  22:41  Unknown  
  194  22:42  Shadow Stride  
  194  22:43  Extended Thermal Lance  
  194  22:59  Unknown  
  194  23:06  Protoss Ground Armor Level 3  
  194  23:20  Unknown  
  194  23:32  Unknown  
  194  23:44  Protoss Ground Weapons Level 3, Unknown  
  194  24:00  Carrier  
  200  24:27  Shield Battery  
  200  24:29  Unknown  
  200  24:33  Shield Battery  
  200  24:37  Shield Battery  
  200  24:43  Shield Battery  
  200  24:46  Shield Battery  
  200  25:19  Unknown  
  200  25:26  Unknown  
  196  26:19  Tempest  
  190  27:51  Carrier  
  195  28:32  Carrier  
  196  30:38  Carrier  
Show
View Real Time Build Order
Export as new Build Order

Player 2 Terran 

Build Orders:  

Get SALT Encoding   

  12  0:09  Supply Depot  
  12  0:13  SCV  
  13  0:33  Barracks  
  13  0:45  Barracks  
  13  0:59  Barracks  
  13  1:01  SCV  
  14  1:13  SCV  
  15  1:22  Marine  
  16  1:32  Marine  
  16  1:33  Barracks  
  17  1:40  Marine  
  17  1:47  Marine  
  18  1:50  Marine  
  20  1:58  Supply Depot  
  20  2:00  Marine  
  21  2:05  Marine  
  22  2:08  Marine  
  23  2:19  Marine x2  
  25  2:26  Marine x2  
  27  2:37  Marine x2  
  27  2:44  Marine  
  29  2:49  Supply Depot  
  29  2:50  Marine  
  31  2:57  Refinery  
  31  3:10  SCV  
  30  3:22  SCV  
  28  3:35  SCV  
  25  3:47  SCV  
  22  3:59  SCV  
  22  4:01  Factory  
  23  4:11  Marine, SCV  
  25  4:18  Marine  
  25  4:22  Marine  
  25  4:23  SCV  
  28  4:27  Marine  
  29  4:34  Barracks Tech Lab  
  29  4:35  SCV  
  30  4:42  Marine  
  31  4:45  Factory Tech Lab  
  31  4:47  SCV  
  31  4:51  Supply Depot  
  31  4:52  Marine  
  33  4:57  Refinery  
  33  5:00  Orbital Command  
  33  5:04  Stimpack  
  33  5:07  Marine  
  33  5:10  Marauder  
  36  5:17  Marine  
  37  5:26  SCV  
  38  5:31  Marauder  
  38  5:34  Supply Depot  
  40  5:38  SCV  
  41  5:50  SCV  
  41  5:53  Marauder  
  44  6:07  Ghost Academy  
  44  6:14  Marauder  
  44  6:15  Supply Depot  
  46  6:19  Command Center  
  46  6:35  Marauder  
  48  6:44  Combat Shield  
  48  6:50  Engineering Bay  
  48  6:56  Ghost  
  50  7:16  Engineering Bay  
  50  7:17  Terran Infantry Weapons Level 1  
  50  7:23  Marine  
  50  7:25  Ghost  
  50  7:26  Marine  
  54  7:31  SCV  
  54  7:32  SCV  
  56  7:41  Refinery  
  56  7:42  Terran Infantry Armor Level 1  
  56  7:43  SCV  
  57  7:45  SCV  
  58  7:54  Marauder  
  58  7:55  SCV  
  58  7:57  SCV  
  62  8:08  SCV  
  62  8:09  SCV  
  64  8:16  Marauder, Barracks Reactor, Barracks Tech Lab  
  66  8:20  SCV  
  66  8:23  Supply Depot  
  67  8:27  Starport  
  67  8:38  Marauder  
  69  8:45  Command Center  
  69  8:52  SCV  
  69  8:54  SCV  
  71  8:59  Concussive Shells  
  71  9:04  Marauder, SCV  
  71  9:06  Medivac, SCV  
  77  9:11  Supply Depot  
  77  9:16  SCV  
  78  9:18  SCV  
  78  9:22  Marauder  
  81  9:28  SCV  
  81  9:30  SCV  
  83  9:34  Ghost  
  83  9:36  Medivac  
  87  9:41  Supply Depot  
  87  9:44  Ghost  
  89  9:46  Marine  
  89  9:48  Marine  
  91  9:55  Armory  
  91  9:59  SCV  
  92  10:02  SCV  
  92  10:03  SCV  
  94  10:11  Personal Cloaking  
  94  10:12  SCV  
  95  10:14  SCV  
  95  10:15  SCV  
  97  10:21  Missile Turret  
  97  10:24  Missile Turret, SCV  
  97  10:26  SCV  
  97  10:28  SCV  
  100  10:33  Starport Reactor  
  100  10:36  SCV  
  100  10:38  SCV  
  100  10:39  Missile Turret  
  100  10:40  SCV  
  103  10:43  Terran Infantry Weapons Level 2  
  103  10:45  Missile Turret  
  103  10:47  Marine  
  103  10:48  SCV  
  105  10:52  SCV  
  105  10:53  Orbital Command, Supply Depot  
  105  10:56  Marauder  
  105  10:57  Marine  
  93  10:58  Marine  
  93  10:59  Marine  
  93  11:00  SCV  
  93  11:04  SCV  
  83  11:05  Marine  
  83  11:09  Medivac  
  84  11:12  SCV  
  84  11:14  Marine  
  84  11:16  Ghost, SCV  
  84  11:17  Marauder, Marine  
  92  11:22  Marine  
  92  11:25  Viking  
  95  11:28  Hellion  
  95  11:32  Marine  
  97  11:36  Refinery  
  97  11:38  Marauder  
  100  11:41  Viking, Factory  
  100  11:44  Refinery  
  100  11:46  Marauder  
  104  11:49  Siege Tank  
  104  11:50  Refinery, Supply Depot  
  107  11:55  Viking  
  107  11:59  SCV x2  
  107  12:00  Marauder  
  113  12:06  SCV  
  114  12:11  Viking, SCV  
  114  12:12  SCV  
  114  12:15  Supply Depot  
  118  12:18  SCV  
  118  12:21  Hellion  
  121  12:23  SCV  
  121  12:24  SCV  
  121  12:25  Viking, Hellion  
  127  12:41  Viking  
  127  12:42  Siege Tank, Factory  
  127  12:44  Supply Depot  
  132  12:47  Hellion  
  134  12:55  Terran Vehicle Weapons Level 1, Viking  
  136  13:07  Supply Depot  
  136  13:08  Factory Tech Lab  
  136  13:11  Armory, Viking  
  138  13:15  Hellion  
  138  13:19  Infernal Pre-Igniter  
  140  13:23  Command Center  
  140  13:25  Viking  
  140  13:26  Siege Tank, Hellion  
  147  13:30  Supply Depot  
  147  13:36  Siege Tank  
  147  13:41  Viking  
  152  13:44  Missile Turret  
  152  13:47  Missile Turret  
  152  13:53  Supply Depot  
  152  13:55  Viking  
  154  13:59  Siege Tank  
  157  14:07  Missile Turret  
  157  14:08  Siege Tank  
  160  14:11  Viking  
  160  14:15  Marauder  
  160  14:16  Marauder  
  159  14:17  Supply Depot  
  159  14:21  Marine  
  159  14:22  Marine, Hellion  
  147  14:24  Marine, Viking  
  147  14:31  Hellion  
  114  14:35  SCV  
  114  14:37  Marauder x2  
  109  14:39  Marine  
  109  14:40  Marine, Hellion  
  109  14:41  Refinery, Viking  
  109  14:42  Marine  
  109  14:43  Refinery, Hellion  
  116  14:52  Siege Tank  
  109  14:54  Viking  
  109  14:57  Marine  
  109  14:58  Marauder x2  
  109  14:59  Marine  
  117  15:01  Siege Tank  
  117  15:06  SCV  
  118  15:08  SCV x2  
  118  15:11  Marine  
  97  15:15  Marine  
  97  15:16  Marine  
  97  15:18  SCV  
  97  15:20  Marauder x2, SCV x2  
  97  15:24  Siege Tank  
  100  15:28  Marine  
  100  15:33  Marine  
  100  15:34  Marine, Hellion, SCV x2  
  86  15:39  Starport  
  86  15:40  Marine  
  86  15:41  Marauder  
  80  15:46  Marine  
  80  15:47  Supply Depot  
  69  15:51  Marine, SCV  
  69  15:52  Marine  
  69  15:55  Siege Tank  
  73  15:58  Marine  
  66  16:04  Marine x2  
  66  16:05  SCV  
  66  16:10  Marine  
  66  16:11  Marine, SCV  
  64  16:17  Marine  
  62  16:22  Marine  
  62  16:23  Marauder, SCV  
  63  16:27  Siege Tank  
  60  16:33  Command Center  
  40  16:48  Supply Depot  
  34  16:59  Command Center  
  13  17:54  Command Center  
  7  19:02  SCV  
Tags
 
Composition
Carriers
Matchup
PvT
Spawn Locations
Cross Positions
Add a new tag
Caveats
  • Supply blocks, unpowered buildings, or Contaminate may cause inaccurate times.
  • Supply counts are checked every 10 seconds.